 Dungeon Crawl Stone Soup version 0.28.0-53-g5a82cb258f (webtiles) character file.

Game seed: 17488073298221564816

159 Icepheonix32 the Insei (level 5, 0/37 HPs)
             Began as a Merfolk Transmuter on May 26, 2022.
             Slain by Edmund
             ... wielding a +3 flail of pain
              (2 damage)
             ... on level 4 of the Dungeon.
             The game lasted 00:04:11 (4189 turns).

Icepheonix32 the Insei (Merfolk Transmuter)         Turns: 4189, Time: 00:04:12

Health: 0/37       AC:  2    Str: 11    XL:     5   Next: 40%
Magic:  8/8        EV: 12    Int: 14    God:
Gold:   86         SH:  0    Dex: 14    Spells: 2/8 levels left

rFire   . . .      SeeInvis .     - Unarmed
rCold   . . .      Faith    .   (no shield)
rNeg    . . .      Spirit   .   a - +0 robe
rPois   .          Reflect  .   (helmet currently unavailable)
rElec   .          Harm     .   (no cloak)
rCorr   .          Rampage  .   (no gloves)
Will    .....                   (boots currently unavailable)
Stlth   +.........              (no amulet)
HPRegen 0.12/turn               c - +4 ring of slaying
MPRegen 0.11/turn               (no ring)

@: confused, appendages, ambrosia-drunk
A: horns 2, (nimble swimmer 2), mertail
a: End Transformation


You were on level 4 of the Dungeon.
You had temporarily grown beastly horns.
You visited 1 branch of the dungeon, and saw 4 of its levels.

You collected 86 gold pieces.

Inventory:

Hand Weapons
 e - a +1 rapier of venom
 h - a +2 vorpal scythe
Armour
 a - a +0 robe (worn)
Jewellery
 c - a +4 ring of slaying (left hand)
 i - a +6 ring of strength
Scrolls
 f - 3 scrolls of identify {unknown}
 j - a scroll of holy word {unknown}
 k - a scroll of immolation {unknown}
 l - a scroll of teleportation {unknown}
Potions
 b - a potion of heal wounds
 d - 2 potions of ambrosia
 g - a potion of lignification {unknown}


   Skills:
 - Level 1.1 Fighting
 - Level 2.6 Dodging
 + Level 5.6 Unarmed Combat
 - Level 2.0 Spellcasting
 + Level 4.2 Transmutations
 * Level 1.1 Poison Magic


You had 2 spell levels left.
You knew the following spells:

 Your Spells              Type           Power      Damage    Failure   Level
a - Beastly Appendage     Tmut           26%        N/A       4%          1
b - Wereblood             Tmut           13%        N/A       6%          2
c - Spider Form           Tmut/Pois      9%         N/A       24%         3

Your spell library contained the following spells:

 Spells                   Type           Power      Damage    Failure   Level
 Ice Form                 Ice/Tmut       7%         N/A       69%         4


Dungeon Overview and Level Annotations

Branches:
Dungeon (4/15)
 Temple: D:4-7

Altars:
The Shining One

Shops:
D:1 *   D:4 (

Annotations:
D:2 Sigmund
D:4 Edmund


Innate Abilities, Weirdness & Mutations

You have temporarily grown beastly horns.
((You are very nimble when in or above water. (Stealth+, EV+, Speed+++)))
Your lower body shifts to a powerful aquatic tail in water.


Message History

Your magical contamination has completely faded away.
Key pressed, stopping explore.
Found a spear.
Edmund the Younger comes into view.
He is wielding a +3 flail of pain.
Found 19 arrows.
Edmund is nearby!
Edmund is nearby!
It was a potion of heal wounds.
You feel much better.
Unknown command.
Casting: Beastly Appendage (safe; 4% risk of failure)
Confirm with . or Enter, or press ? or * to list all spells.
You grow a pair of large bovine horns.
Edmund hits you with a +3 flail of pain.
You writhe in agony.
You barely miss Edmund.
Edmund hits you with a +3 flail of pain!
You barely miss Edmund.
Edmund hits you with a +3 flail of pain!
* * * LOW HITPOINT WARNING * * *
You closely miss Edmund. Edmund closely misses you.
You feel much better.
Edmund says, "People will remember me!
They'll remember me and die!"
Edmund closely misses you.
It was a potion of ambrosia.
You are confused.
You feel invigorated.
Edmund hits you with a +3 flail of pain!
You closely miss Edmund.
Edmund says, "People accused me of being a cutpurse!"
Edmund hits you with a +3 flail of pain!
You writhe in agony.
You bump into the rock wall.
Edmund says, "People will remember me!
They'll remember me and die!"
Edmund hits you with a +3 flail of pain!
* * * LOW HITPOINT WARNING * * *
You barely miss Edmund.
Edmund hits you with a +3 flail of pain!
* * * LOW HITPOINT WARNING * * *
You writhe in agony.
You die...

#..........#####
#..............#
#..............#
##########.....#
######.....#
#....†.....#
#........###
#######........#####.###
..÷...†........@@.......
####.##........###.....#
#.##........# ....#
#.##........# ...#
#.##........# ..#
#.##........# .#
####.##........# #
.....##........#
####.###########


You could see Edmund.

Vanquished Creatures
  A hound (D:4)
  A jelly (D:4)
  An iguana (D:4)
  An adder (D:3)
  3 worms (D:2)
  4 orcs (D:3)
  4 bats
  5 endoplasms
  3 giant cockroaches
  7 goblins
  2 hobgoblins (D:1)
  4 jackals (D:1)
  5 kobolds
  A quokka (D:1)
  6 ball pythons
  4 frilled lizards
52 creatures vanquished.

Notes
Turn   | Place    | Note
-------+----------+-------------------------------------------
     0 | D:1      | Icepheonix32 the Merfolk Transmuter began the quest for the
                  | Orb.
     0 | D:1      | Reached XP level 1. HP: 15/15 MP: 3/3
   197 | D:1      | Reached XP level 2. HP: 17/21 MP: 3/5
   283 | D:1      | Reached skill level 4 in Unarmed Combat
   879 | D:1      | Reached XP level 3. HP: 26/26 MP: 4/6
  1314 | D:1      | Found Runimicy's Assorted Antiques.
  1603 | D:2      | Noticed Sigmund
  2277 | D:3      | Reached XP level 4. HP: 2/32 MP: 7/7
  2840 | D:3      | Reached skill level 5 in Unarmed Combat
  2932 | D:2      | Found a glowing golden altar of the Shining One.
  3532 | D:3      | Learned a level 2 spell: Wereblood
  3536 | D:3      | Learned a level 3 spell: Spider Form
  3622 | D:4      | Found Ganes's Antique Weapon Boutique.
  3944 | D:4      | Reached XP level 5. HP: 31/37 MP: 6/8
  4009 | D:4      | Reached skill level 1 in Poison Magic
  4166 | D:4      | Noticed Edmund
  4189 | D:4      | Slain by Edmund

Illustrated notes

Levels and vault maps discovered:
D:1:      ncdulo_halloftheorcs, layout_basic, serial_shops,
          nicolae_lakefront_shop
D:2:      layout_loops_ring, basic_altar, serial_shops, shop_fountains,
          amcnicky_mini_rare_corridor_liquid, uniq_sigmund
D:3:      layout_loops_corners
D:4:      layout_basic, serial_shops, nicolae_shop_overgrown_old_shop,
          uniq_menkaure, uniq_edmund

Skill      XL: |  1  2  3  4  5 |
---------------+----------------+-----
Transmutations | 3 4 |  4.2
Unarmed Combat | 4 5 |  5.6
Poison Magic   | 1 |  1.1
Fighting       | |  1.1
Dodging        | |  2.6
Spellcasting   | |  2.0

Action                   |  1- 3 |  4- 6 || total
-------------------------+-------+-------++-------
Melee: Unarmed           |    80 |    41 ||   121
       Headbutt          |    16 |     6 ||    22
       Punch             |     2 |     1 ||     3
 Cast: Beastly Appendage |    20 |    13 ||    33
  Use: Potion            |       |     4 ||     4
 Stab: Sleeping          |       |     1 ||     1
Armor: Robe              |    23 |     2 ||    25
Dodge: Dodged            |    67 |    22 ||    89
